 Dungeon Crawl Stone Soup version 0.19.5 (webtiles) character file.

51 IcySystem the Magician (level 3, -8/16 HPs)
             Began as a Spriggan Enchanter on May 24, 2017.
             Killed from afar by Sigmund (10 damage)
             ... with a magic dart
             ... on level 2 of the Dungeon.
             The game lasted 00:05:40 (1891 turns).

IcySystem the Magician (Spriggan Enchanter)         Turns: 1891, Time: 00:05:41

Health: -8/16      AC:  3    Str:  4    XL:     3   Next: 57%
Magic:  1/10       EV: 18    Int: 17    God:
Gold:   46         SH:  0    Dex: 16    Spells: 3 memorised, 6 levels left

rFire  . . .     SeeInvis +     a - +1 dagger
rCold  . . .     Gourm    .     b - +1 robe
rNeg   . . .     Faith    .     (shield restricted)
rPois  .         Spirit   .     (helmet restricted)
rElec  .         Reflect  .     (no cloak)
rCorr  .         Harm     .     (gloves unavailable)
MR     .....                    (boots unavailable)
Stlth  +.........               (no amulet)
                                (no ring)
                                (no ring)

@: confused, very slightly contaminated, very quick
A: unfitting armour, see invisible, herbivore 3, speed 3, slow metabolism 2
a: no special abilities


You were on level 2 of the Dungeon.
You were not hungry.

You visited 1 branch of the dungeon, and saw 2 of its levels.

You collected 46 gold pieces.

Inventory:

Hand Weapons
 a - a +1 dagger (weapon)
 h - a +0 dagger
Missiles
 e - 80 stones (quivered)
 m - 35 sling bullets
Armour
 b - a +1 robe (worn)
Scrolls
 g - a scroll of identify {unknown}
 i - a scroll of recharging {unknown}
 n - a scroll of immolation {unknown}
Potions
 f - a potion of curing {unknown}
 j - a potion of brilliance {unknown}
 k - a potion of haste {unknown}
Books
 c - a book of Maledictions

   Spells                             Type                      Level
   a - Corona                         Hexes                        1
   b - Ensorcelled Hibernation        Hexes/Ice                    2
   c - Confuse                        Hexes                        3
   d - Tukima's Dance                 Hexes                        3
   e - Dazzling Spray                 Conjuration/Hexes            3
Comestibles
 d - a bread ration
 l - a royal jelly


   Skills:
 - Level 1.1 Short Blades
 - Level 3.0 Dodging
 - Level 4.4 Stealth
 + Level 5.0 Spellcasting
 - Level 3.6 Hexes


You had 6 spell levels left.
You knew the following spells:

 Your Spells              Type           Power        Failure   Level  Hunger
a - Corona                Hex            ###....      3%          1    None
b - Ensorcelled Hibernat  Hex/Ice        ##....       12%         2    #......
c - Confuse               Hex            ###.....     12%         3    ###....


Dungeon Overview and Level Annotations

Branches:
Dungeon (2/15)

Altars:
Yredelemnul

Annotations:
D:2 Sigmund


Innate Abilities, Weirdness & Mutations

You are very small and have problems with some larger weapons.
You are too small for most types of armour.
You have supernaturally acute eyesight. (SInv)
You are a herbivore.
You cover ground extremely quickly.
You need consume almost no food.


Message History

You strike the helpless Sigmund from behind!
You puncture Sigmund!
Sigmund is almost dead.
Sigmund seems less confused.
Sigmund completely misses you.
You hit Sigmund but do no damage.
Sigmund is almost dead.
Sigmund hits you from afar with a scythe!
Sigmund points at you and mumbles some strange words.
You are confused.
You see here a kobold corpse.
You bump into the rock wall.
Sigmund hits you from afar with a scythe!
* * * LOW HITPOINT WARNING * * *
You're too confused to move!
Sigmund barely misses you.
You're too confused to move!
Sigmund misses you. Sigmund gestures at you while chanting.
The magic dart hits you!
Ouch! That really hurt!
You die...

####### #.....#
####.....########
.......(.@.†....#
#.####....@######.#####
#..........# #.....#
##....†### #####.#
#.##.##.## #.#
#.......#### ####.####
#.#.##.....#
#......>### #..P.P.#
#.##......# ....._.....
#.##..#.#.#


You could see Sigmund.

Vanquished Creatures
  An adder (D:2)
  A dart slug (D:1)
  3 leopard geckos
  A ball python (D:1)
  10 bats
  A goblin (D:1)
  8 hobgoblins (D:1)
  5 kobolds
  A quokka (D:2)
  3 rats (D:1)
34 creatures vanquished.

Notes
Turn   | Place    | Note
-------+----------+-------------------------------------------
     0 | D:1      | IcySystem the Spriggan Enchanter began the quest for the Orb.
     0 | D:1      | Reached XP level 1. HP: 9/9 MP: 5/5
   138 | D:1      | Reached skill level 3 in Spellcasting
   318 | D:1      | Reached XP level 2. HP: 13/13 MP: 5/7
   332 | D:1      | Learned a level 2 spell: Ensorcelled Hibernation
   420 | D:1      | Reached skill level 4 in Spellcasting
   866 | D:1      | Reached XP level 3. HP: 3/16 MP: 4/9
  1673 | D:2      | Found a basalt altar of Yredelemnul.
  1674 | D:2      | Noticed Sigmund
  1698 | D:2      | Learned a level 3 spell: Confuse
  1709 | D:2      | Reached skill level 5 in Spellcasting
  1891 | D:2      | Killed from afar by Sigmund

Skill      XL: |  1  2  3 |
---------------+----------+-----
Spellcasting   | 3 4 5 |  5.0
Short Blades   | |  1.1
Dodging        | |  3.0
Stealth        | |  4.4
Hexes          | |  3.6

Action                   || total
-------------------------++-------
Melee: Dagger            ||   132
 Cast: Ensorcelled Hiber ||    10
       Confuse           ||     3
 Stab: Sleeping          ||    10
       Confused          ||     2
Armor: Robe              ||    24
Dodge: Dodged            ||   130
